 Dungeon Crawl Stone Soup version 0.15.0-31-geb66e34 (webtiles) character file.

992 Medar the Digger (level 8, -2/55 HPs)
             Began as a Naga Earth Elementalist on Sept 13, 2014.
             Was an Initiate of Kikubaaqudgha.
             Slain by an ogre
             ... wielding a +0 giant spiked club
              (29 damage)
             ... on Level 6 of the Dungeon.
             The game lasted 00:24:31 (8244 turns).

Medar the Digger (Naga Earth Elementalist)          Turns: 8244, Time: 00:24:31

HP  -2/55        AC  7     Str 10      XL: 8   Next: 18%
MP   5/17        EV  9     Int 18      God: Kikubaaqudgha [......]
Gold 266         SH  0     Dex 10      Spells:  4 memorised,  5 levels left

rFire  . . .     SeeInvis +     L - +0 broad axe
rCold  . . .     Clarity  .     c - +0 robe
rNeg   . . .     rCorr    .     (no shield)
rPois  +         rRot     .     (no helmet)
rElec  .         Spirit   .     B - +0 cloak
SustAb .         Warding  .     C - +2 pair of gloves
rMut   .         Stasis   .     (no barding)
Gourm  .                        (no amulet)
MR     +....                    (no ring)
                                (no ring)

@: very slow, somewhat resistant to hostile enchantments, unstealthy
A: spit poison, see invisible, breathe flames 1, clumsy 1, deformed body, frail
1, poison resistance, slowness 2, AC +2
a: Spit Poison, Renounce Religion, Breathe Fire


You were on level 6 of the Dungeon.
You worshipped Kikubaaqudgha.
Kikubaaqudgha was noncommittal.
You were hungry.

You visited 2 branches of the dungeon, and saw 7 of its levels.

You collected 266 gold pieces.

Inventory:

Hand weapons
 a - a +0 short sword
 L - a +0 broad axe (weapon)
 N - a +0 dagger
Missiles
 b - 103 stones (quivered)
 j - 25 poisoned needles
 k - 7 javelins
 J - 8 curare-tipped needles
Armour
 c - a +0 robe (worn)
 y - a +0 leather armour
 B - a +0 cloak (worn)
 C - a +2 pair of gloves (worn)
Magical devices
 p - a wand of random effects (24)
 s - a wand of fireball (3)
 w - a wand of confusion (1)
 x - a wand of magic darts (8)
 H - a wand of paralysis (9)
 M - a wand of cold (7)
 O - a wand of fireball (2)
Comestibles
 f - 3 meat rations
 i - 5 bread rations
 u - 3 fruits
Scrolls
 e - a scroll of remove curse {@r1}
 o - 3 scrolls of enchant weapon
 q - a scroll of amnesia
 E - a scroll of recharging
 I - a scroll of teleportation
 P - a scroll of blinking
Potions
 h - 2 potions of brilliance
 l - 4 potions of curing {@q1}
 m - a potion of magic
 n - 2 potions of restore abilities
 t - a potion of heal wounds
 z - a potion of haste
 A - 3 potions of invisibility
 D - a potion of flight {unknown}
 K - a potion of resistance {unknown}
Books
 d - a book of Geomancy

   Spells                             Type                      Level
   *Sandblast                         Earth                        1
   *Stoneskin                         Transmutation/Earth          2
   *Passwall                          Transmutation/Earth          3
   *Stone Arrow                       Conjuration/Earth            3
   Petrify                            Transmutation/Earth          4
   Lee's Rapid Deconstruction         Earth                        5
 r - a Necronomicon {highlevel}

   Spells                             Type                      Level
   Haunt                              Necromancy/Summoning         7
   Borgnjor's Revivification          Necromancy                   8
   Death's Door                       Charms/Necromancy            8
   Necromutation                      Transmutation/Necromancy     8


   Skills:
 - Level 1.5 Dodging
 - Level 3.0 Stealth
 + Level 3.5 Spellcasting
 - Level 5.2 Conjurations
 - Level 3.0 Transmutations
 + Level 6.6 Earth Magic


You had 5 spell levels left.
You knew the following spells:

 Your Spells              Type           Power        Failure   Level  Hunger
c - Stone Arrow           Conj/Erth      ###...       4%          3    ###....
j - Passwall              Trmt/Erth      ###.......   10%         3    ###....
t - Stoneskin             Trmt/Erth      ###.....     3%          2    ##.....
x - Sandblast             Erth           ####..       1%          1    None


Dungeon Overview and Level Annotations

Branches:
Dungeon (6/15)             Temple (1/1) D:5

Altars:
Ashenzari
Elyvilon
Fedhas
Kikubaaqudgha
Nemelex Xobeh
Okawaru
Qazlal
Sif Muna
Vehumet
Xom
Yredelemnul
The Shining One
Lugonu


Innate Abilities, Weirdness & Mutations

You cannot wear boots.
You can spit poison.
Your serpentine skin is tough (AC +2).
You have supernaturally acute eyesight.
Armour fits poorly on your strangely shaped body.
Your system is resistant to poisons.
You cover ground very slowly.
You can breathe flames.
You are clumsy. (Dex -2)
You are frail (-10% HP).


Message History

Casting: Stone Arrow
Confirm with . or Enter, or press ? or * to list all spells.
Aiming: Stone Arrow
Press: ? - help, Shift-Dir - straight line, f/p - ogre
Aim: an ogre, wielding a giant spiked club (moderately wounded, poisoned)
The stone arrow hits the ogre.
The ogre is heavily wounded.
You have got your breath back.
Casting: Stone Arrow
Confirm with . or Enter, or press ? or * to list all spells.
Aiming: Stone Arrow
Press: ? - help, Shift-Dir - straight line, f/p - ogre
Aim: an ogre, wielding a giant spiked club (heavily wounded, poisoned)
The stone arrow hits the ogre.
The ogre is almost dead.
You are feeling hungry.
The ogre hits you with a giant spiked club!!
Ouch! That really hurt!
You die...
Kikubaaqudgha rasps: "You have failed me!
Welcome... death!"

,,,,,*,,#..........#..'..........
,,[,,*,,+..........#<.#..........
,,,,,*,,#..........#..#####'###'#
,,,,,*,,###+###....#...#.....#...
,,,,,*,,,#,,,,+....#...#.....#...
,,,,,*,,,+.,,,#....#...#.....'...
,,,,,+,,,#..,,#....#...#.....#...
,,,,,*,,*#...,#....#...#.....###+
,,,,,*,.##....#.@..#...#.[...##..
,,,,,*,.......'.O..#...#.....+...
,,,,,*,.##....#P...+,,,+.....#...
,,,,,**+*#'####....#,,*#.....##..
,,,,,+,,*#,,,*.....#,,*#....<##..
,,,,,*,,*,,,,#.....+,,,+.....##..
,,,,,*,,',,,,+.....#,,*#.....'...
,,,,,*,,**,,,#.....#,,*##'#####..
,,,,,**'**'**#.....',,*#..,,,*#..


You could see an ogre and an active ballistomycete.

Vanquished Creatures
  A sky beast (D:5)
  A phantom (D:5)
  An ogre (D:4)
  3 crimson imps (D:6)
  2 hounds (D:5)
  2 orc priests (D:3)
  A giant frog skeleton (D:5)
  3 orc wizards
  2 iguanas
  2 worker ants
  Jessica (D:3)
  A worker ant zombie (D:5)
  A shadow imp (D:5)
  3 giant mites
  9 adders
  2 worms
  An adder zombie (D:3)
  7 giant geckos
  2 oozes
  11 orcs
  A ball python (D:4)
  16 bats
  A bat zombie (D:5)
  10 giant cockroaches
  16 hobgoblins
  13 jackals
  7 giant newts
  A giant spore (D:6)
  8 goblins
  A hobgoblin skeleton (D:5)
  A hobgoblin zombie (D:6)
  7 kobolds
  2 orc skeletons (D:4)
  5 quokkas
  19 rats
  A rat skeleton (D:4)
  39 ballistomycetes (D:6)
204 creatures vanquished.

Notes
Turn   | Place    | Note
--------------------------------------------------------------
     0 | D:1      | Medar, the Naga Earth Elementalist, began the quest for the Orb.
     0 | D:1      | Reached XP level 1. HP: 15/15 MP: 3/3
   155 | D:1      | Reached XP level 2. HP: 22/22 MP: 0/4
   159 | D:1      | Learned a level 2 spell: Stoneskin
  1179 | D:1      | Reached skill level 4 in Earth Magic
  1324 | D:1      | Reached XP level 3. HP: 28/28 MP: 4/6
  2046 | D:2      | Learned a level 3 spell: Stone Arrow
  2148 | D:2      | Reached skill level 1 in Conjurations
  2312 | D:2      | Reached XP level 4. HP: 36/36 MP: 3/7
  3059 | D:3      | Noticed an air elemental
  3119 | D:3      | Found a stormy altar of Qazlal.
  3119 | D:3      | Noticed a fire elemental
  3155 | D:3      | Noticed an earth elemental
  3187 | D:3      | Reached XP level 5. HP: 42/42 MP: 9/9
  3199 | D:3      | Noticed Jessica
  3203 | D:3      | Killed Jessica
  3203 | D:3      | Reached skill level 5 in Earth Magic
  3419 | D:3      | Found a glowing golden altar of the Shining One.
  3502 | D:3      | Reached XP level 6. HP: 36/49 MP: 2/10
  3653 | D:3      | Learned a level 3 spell: Passwall
  3873 | D:3      | Noticed a water elemental
  4001 | D:3      | Found a blossoming altar of Fedhas.
  5092 | D:5      | Entered Level 5 of the Dungeon
  5104 | D:5      | Reached skill level 5 in Conjurations
  5104 | D:5      | Reached XP level 7. HP: 52/55 MP: 2/12
  5344 | D:5      | Found a basalt altar of Yredelemnul.
  5771 | D:5      | Reached skill level 6 in Earth Magic
  5780 | D:5      | Gained mutation: You can breathe flames. [mutagenic meat]
  5781 | D:5      | Gained mutation: You are frail (-10% HP). [mutagenic meat]
  5782 | D:5      | Gained mutation: You are clumsy. (Dex -2) [mutagenic meat]
  6443 | D:5      | Found a staircase to the Ecumenical Temple.
  6454 | Temple   | Entered the Ecumenical Temple
  6500 | Temple   | Became a worshipper of Kikubaaqudgha
  6816 | D:6      | Reached XP level 8. HP: 55/55 MP: 13/16
  8244 | D:6      | Slain by an ogre

Action                   |  1- 3 |  4- 6 |  7- 9 || total
-------------------------+-------+-------+-------++-------
Melee: Dagger            |    12 |    14 |    39 ||    65
       Broad axe         |       |       |   141 ||   141
       Short sword       |       |       |    54 ||    54
 Cast: Sandblast         |    63 |   125 |    86 ||   274
       Stoneskin         |     1 |       |       ||     1
       Stone Arrow       |       |     4 |     8 ||    12
 Abil: Spit Poison       |    14 |    10 |     6 ||    30
Evoke: Wand              |       |     6 |     4 ||    10
  Use: Scroll            |     1 |    11 |     3 ||    15
  Eat: Chunk             |     6 |    12 |     8 ||    26
       Beef jerky        |       |       |     1 ||     1
       Pizza             |       |       |     2 ||     2
       Royal jelly       |       |       |     1 ||     1
